 Dungeon Crawl Stone Soup version 0.27-a0-1500-g450c7e4133 (webtiles) character file.

Game seed: 12574518440112090898

73 hatdisgam the Gusty (level 4, -3/32 HPs)
             Began as a Gnoll Air Elementalist on July 8, 2021.
             Slain by Sigmund (7 damage)
             ... on level 3 of the Dungeon.
             The game lasted 00:02:59 (2135 turns).

hatdisgam the Gusty (Gnoll Air Elementalist)        Turns: 2135, Time: 00:02:59

Health: -3/32      AC:  3    Str:  7    XL:     4   Next: 27%
Magic:  0/11       EV: 13    Int: 16    God:
Gold:   38         SH:  0    Dex: 12    Spells: 10/13 levels left

rFire    . . .     SeeInvis .   d - +0 dagger
rCold    . . .     Faith    .   (no shield)
rNeg     . . .     Spirit   .   a - +0 robe
rPois    .         Reflect  .   n - +0 helmet
rElec    .         Harm     .   (no cloak)
rCorr    .         Rampage  .   (no gloves)
Will     .....                  (no boots)
Stlth    ++........             (no amulet)
HPRegen  0.10/turn              (no ring)
MPRegen  0.12/turn              (no ring)

@: no status effects
A: fangs 1, strong nose, distributed training
a: no special abilities


You were on level 3 of the Dungeon.
You visited 1 branch of the dungeon, and saw 3 of its levels.

You collected 38 gold pieces.

Inventory:

Hand Weapons
 d - a +0 dagger (weapon)
Missiles
 e - 70 stones
 f - 9 poisoned darts
 h - 7 javelins
 o - 27 sling bullets
Armour
 a - a +0 robe (worn)
 n - a +0 helmet (worn)
Jewellery
 i - a ring of ice
Scrolls
 b - 2 scrolls of teleportation {unknown}
 g - 3 scrolls of enchant weapon {unknown}
 k - 2 scrolls of fear {unknown}
 l - a scroll of magic mapping {unknown}
 p - a scroll of vulnerability {unknown}
Potions
 c - a potion of heal wounds {unknown}
 j - a potion of flight {unknown}
 m - a potion of degeneration {unknown}


   Skills:
 + Level 1.1 Fighting
 + Level 1.1 Short Blades
 + Level 1.1 Long Blades
 + Level 1.1 Axes
 + Level 1.1 Maces & Flails
 + Level 1.1 Polearms
 + Level 1.1 Staves
 + Level 1.1 Slings
 + Level 1.1 Bows
 + Level 1.1 Crossbows
 + Level 1.1 Throwing
 + Level 1.1 Armour
 + Level 4.6 Dodging
 + Level 4.2 Stealth
 + Level 1.1 Shields
 + Level 1.1 Unarmed Combat
 + Level 5.0 Spellcasting
 + Level 2.2 Conjurations
 + Level 0.8 Hexes
 + Level 0.8 Summonings
 + Level 0.8 Necromancy
 + Level 0.8 Translocations
 + Level 0.8 Transmutations
 + Level 0.8 Fire Magic
 + Level 0.8 Ice Magic
 + Level 5.4 Air Magic
 + Level 0.8 Earth Magic
 + Level 0.8 Poison Magic
 + Level 1.2 Invocations
 + Level 1.1 Evocations


You had 10 spell levels left.
You knew the following spells:

 Your Spells              Type           Power      Damage    Failure   Level
a - Shock                 Conj/Air       64%        1d7       3%          1
b - Static Discharge      Conj/Air       16%        N/A       4%          2

Your spell library contained the following spells:

 Spells                   Type           Power      Damage    Failure   Level
 Swiftness                Air            21%        N/A       4%          3
 Airstrike                Air            10%        N/A       16%         4


Dungeon Overview and Level Annotations

Branches:
Dungeon (3/15)

Altars:

Shops:
D:2 !

Annotations:
D:3 Sigmund


Innate Abilities, Weirdness & Mutations

You have very sharp teeth.
Your uncanny sense of smell can sniff out nearby items.
Your experience applies equally to all skills.


Message History

Unknown command.
Unknown command.
Casting: Static Discharge (safe; 4% risk of failure)
Confirm with . or Enter, or press ? or * to list all spells.
Sigmund is struck by an arc of lightning.
Sigmund is heavily wounded.
The lightning grounds out.
Sigmund points at you and mumbles some strange words.
You resist with some effort.
Unknown command.
Unknown command.
Casting: Static Discharge (safe; 4% risk of failure)
Confirm with . or Enter, or press ? or * to list all spells.
Sigmund is struck by an arc of lightning!
Sigmund is severely wounded.
You are struck by an arc of lightning.
The lightning grounds out.
Sigmund completely misses you.
Unknown command.
Unknown command.
Casting: Static Discharge (safe; 4% risk of failure)
Confirm with . or Enter, or press ? or * to list all spells.
Sigmund is struck by an arc of lightning!
Sigmund is almost dead.
You are struck by an arc of lightning.
The lightning grounds out.
Sigmund hits you with a +0 scythe of freezing.
Sigmund freezes you.
Unknown command.
Sigmund hits you from afar with a +0 scythe of freezing!
* * * LOW HITPOINT WARNING * * *
Sigmund freezes you.
* * * LOW HITPOINT WARNING * * *
Casting: Static Discharge (safe; 4% risk of failure)
Confirm with . or Enter, or press ? or * to list all spells.
Aiming: Shock (safe; 3% risk of failure)
Press: ? - help, Shift-Dir - straight line The zap hits Sigmund.
Sigmund is almost dead.
The zap misses Sigmund.
Sigmund hits you from afar with a +0 scythe of freezing!
You die...

. ..#.# .# . #.#.#
.# ####.#<# .# #
.......##...#
..........#
..)...###.########
......###........#
>........###...#.#
......##.###..##@#
.>...^##......##.#
......#######.##@#
......# #....#
......# ######
####### ∆


You could see Sigmund.

Vanquished Creatures
  Robin (D:2)
  An adder (D:2)
  A dart slug (D:1)
  A ball python (D:1)
  3 endoplasms
  6 hobgoblins
  4 jackals (D:1)
  9 kobolds
  A bat (D:1)
  4 frilled lizards
  12 goblins
  2 rats (D:2)
45 creatures vanquished.

Vanquished Creatures (others)
  13 plants (D:1)
13 creatures vanquished.

Grand Total: 58 creatures vanquished

Notes
Turn   | Place    | Note
-------+----------+-------------------------------------------
     0 | D:1      | hatdisgam the Gnoll Air Elementalist began the quest for
                  | the Orb.
     0 | D:1      | Reached XP level 1. HP: 13/13 MP: 6/6
   191 | D:1      | Reached XP level 2. HP: 19/19 MP: 5/7
   715 | D:1      | Reached XP level 3. HP: 25/25 MP: 5/9
   797 | D:1      | Reached skill level 5 in Spellcasting
  1315 | D:2      | Found Kofis's Distillery.
  1395 | D:2      | Reached skill level 1 in Invocations
  1398 | D:2      | Learned a level 2 spell: Static Discharge
  1845 | D:2      | Reached skill level 1 in Fighting
  1845 | D:2      | Reached skill level 1 in Short Blades
  1845 | D:2      | Reached skill level 1 in Long Blades
  1845 | D:2      | Reached skill level 1 in Axes
  1845 | D:2      | Reached skill level 1 in Maces & Flails
  1845 | D:2      | Reached skill level 1 in Polearms
  1845 | D:2      | Reached skill level 1 in Staves
  1845 | D:2      | Reached skill level 1 in Slings
  1845 | D:2      | Reached skill level 1 in Bows
  1845 | D:2      | Reached skill level 1 in Crossbows
  1845 | D:2      | Reached skill level 1 in Throwing
  1845 | D:2      | Reached skill level 1 in Armour
  1845 | D:2      | Reached skill level 1 in Shields
  1845 | D:2      | Reached skill level 1 in Unarmed Combat
  1845 | D:2      | Reached skill level 1 in Evocations
  1852 | D:2      | Reached XP level 4. HP: 27/32 MP: 1/11
  1853 | D:2      | Noticed Robin
  1895 | D:2      | Killed Robin
  2124 | D:3      | Noticed Sigmund
  2135 | D:3      | Slain by Sigmund

Illustrated notes

Levels and vault maps discovered:
D:1:      ebering_hopf_link, layout_basic, minmay_misc_feat_encased,
          lexackson_kobold_supper
D:2:      layout_loops_ring, serial_shops, shop, minmay_misc_feat_five,
          uniq_robin
D:3:      layout_basic, bh_walls_and_bars, uniq_jessica, uniq_sigmund

Skill      XL: |  1  2  3 |
---------------+----------+-----
Conjurations   | 2 |  2.2
Spellcasting   | 5 |  5.0
Invocations    | 1 |  1.2
Fighting       | 1 |  1.1
Short Blades   | 1 |  1.1
Long Blades    | 1 |  1.1
Axes           | 1 |  1.1
Maces & Flails | 1 |  1.1
Polearms       | 1 |  1.1
Staves         | 1 |  1.1
Slings         | 1 |  1.1
Bows           | 1 |  1.1
Crossbows      | 1 |  1.1
Throwing       | 1 |  1.1
Armour         | 1 |  1.1
Shields        | 1 |  1.1
Unarmed Combat | 1 |  1.1
Evocations     | 1 |  1.1
Dodging        | |  4.6
Stealth        | |  4.2
Hexes          | |  0.8
Summonings     | |  0.8
Necromancy     | |  0.8
Translocations | |  0.8
Transmutations | |  0.8
Fire Magic     | |  0.8
Ice Magic      | |  0.8
Air Magic      | |  5.4
Earth Magic    | |  0.8
Poison Magic   | |  0.8

Action                   |  1- 3 |  4- 6 || total
-------------------------+-------+-------++-------
Melee: Unarmed           |     3 |       ||     3
       Dagger            |     7 |     2 ||     9
       Bite              |     1 |       ||     1
 Cast: Shock             |    69 |    10 ||    79
       Static Discharge  |     2 |     5 ||     7
Armor: Robe              |     1 |       ||     1
Dodge: Dodged            |    18 |     5 ||    23

Table legend: (Time is in decaauts)
 A = Elapsed time spent in this place.
 B = Non-inter-level travel time spent in this place.
 C = Inter-level travel time spent in this place.
 D = Time resting spent in this place.
 E = Time spent auto-exploring this place.
 F = Levels seen in this place.
 G = Mean time per level.
                   A        B        C        D        E       F      G
               +--------+--------+--------+--------+--------+-----+--------+
         Total |   2133 |   2062 |     71 |      0 |   1824 |   3 |  711.0 |
       Dungeon |   2133 |   2062 |     71 |      0 |   1824 |   3 |  711.0 |
               +--------+--------+--------+--------+--------+-----+--------+

Top non-repeatable levels by time:
     D:1: 1054 daAuts
     D:2: 1022 daAuts
     D:3: 56 daAuts
